 Seeded DCSS version 0.29-a0-982-gaed3a0c8d8 (webtiles) character file.

Game seed: 20220731 (custom seed)

198971 flotson the Warrior (level 17, -25/140 (144) HPs)
             Began as a Demonspawn Delver on July 31, 2022.
             Was an Initiate of Gozag.
             Killed from afar by Arachne (36 damage)
             ... with a poison arrow
             ... on level 3 of the Spider Nest on Aug 1, 2022.
             The game lasted 01:27:33 (43746 turns).

flotson the Warrior (Demonspawn Delver)            Turns: 43746, Time: 01:27:36

HP:   -25/140 (144) AC: 28    Str: 20    XL:     17   Next: 83%
MP:   29/29         EV: 13    Int: 26    God:    Gozag
Gold: 7378          SH:  0    Dex: 19    Spells: 3/32 levels left

rFire   . . .      SeeInvis .   a - +5 glaive of the Guard {elec, spectral, AC+5}
rCold   . . .      Faith    .   (shield currently unavailable)
rNeg    + . .      Spirit   .   Z - +5 scale mail of Failure {+Blink Int+2 Dex+4}
rPois   .          Reflect  .   S - +0 helmet
rElec   .          Harm     .   r - +1 cloak of Starlight {*Dazzle EV+4 Stlth--}
rCorr   .          Rampage  .   L - +0 pair of gloves
Will    +....                   (boots unavailable)
Stlth   ..........              y - macabre finger necklace {rN+}
HPRegen 0.33/turn               p - +4 ring of protection
MPRegen 0.21/turn               Y - +4 ring of slaying
                                n - +6 ring of intelligence

@: lethally poisoned (-25 -> -43), held, lightly drained
A: hooves 3, demonic guardian 2, big brain 3, demonic magic 1
}: 1/15 runes: decaying
a: Renounce Religion, Evoke Blink, Potion Petition, Call Merchant, Bribe Branch


You were on level 3 of the Spider Nest.
You worshipped Gozag.
Gozag was greatly pleased with you.
You visited 7 branches of the dungeon, and saw 31 of its levels.
You also visited: Gauntlet.

You collected 13172 gold pieces.
You spent 5696 gold pieces at shops.
You paid 98 gold pieces to Gozag.

Inventory:

Hand Weapons
 a - the +5 glaive of the Guard (weapon) {elec, spectral, AC+5}
   (You bought it in a shop on level 2 of the Orcish Mines)

   It occasionally discharges a powerful burst of electricity upon striking a
   foe.
   When it strikes, its spirit leaps out and fights alongside the wielder.
   AC:        It affects your AC (+5).
 b - the +5 arbalest of Exoneration {flame, rCorr Dex+3}
   (You found it on level 12 of the Dungeon)

   Any ammunition fired from it burns those it strikes, dealing additional fire
   damage.
   Dex:       It affects your dexterity (+3).
   rCorr:     It protects you from acid and corrosion.
 c - a +9 vampiric war axe
Missiles
 h - 3 throwing nets (quivered)
 v - 11 atropa-tipped darts
 K - 19 javelins
 P - 7 curare-tipped darts
Armour
 r - the +1 cloak of Starlight (worn) {*Dazzle EV+4 Stlth--}
   (You bought it in a shop on level 9 of the Dungeon)

   It may blind those who miss an attack against the wearer in melee combat.
   EV:        It affects your evasion (+4).
   Stlth:     It makes you much less stealthy.
 L - a +0 pair of gloves (worn)
 O - a scarf of repulsion
 S - a +0 helmet (worn)
 Z - the +5 scale mail of Failure (worn) {+Blink Int+2 Dex+4}
   (You found it on level 1 of the Lair of Beasts)

   Int:       It affects your intelligence (+2).
   Dex:       It affects your dexterity (+4).
   +Blink:    It lets you blink.
Jewellery
 n - a +6 ring of intelligence (on amulet)
 p - a +4 ring of protection (left hand)
 y - the macabre finger necklace (around neck) {rN+}
   (You found it in a Gauntlet)

   [amulet of nothing]

   It enables you to equip an extra ring.
   rN:        It protects you from negative energy.
 D - a ring of see invisible
 Y - a +4 ring of slaying (right hand)
Wands
 g - a wand of digging (6)
 i - a wand of light (13)
 z - a wand of charming (9)
 M - a wand of iceblast (33)
Scrolls
 d - 7 scrolls of magic mapping
 e - 4 scrolls of fear
 k - a scroll of torment
 m - 8 scrolls of butterflies
 s - 10 scrolls of immolation
 t - 10 scrolls of blinking
 w - 3 scrolls of summoning
 A - 21 scrolls of teleportation
 F - 3 scrolls of vulnerability
 I - 8 scrolls of identify
 J - 6 scrolls of poison
 Q - a scroll of fog
 V - 2 scrolls of silence
Potions
 f - 12 potions of haste
 j - 6 potions of resistance
 l - 2 potions of invisibility
 o - 12 potions of curing
 q - 5 potions of lignification
 u - a potion of might
 x - 2 potions of attraction
 B - 15 potions of heal wounds
 E - 3 potions of ambrosia
 H - 5 potions of flight
 N - 2 potions of berserk rage
 X - 4 potions of cancellation
Miscellaneous
 C - a tin of tremorstones (2/2)
 G - a lightning rod (4/4)
 R - a phantom mirror
 T - a condenser vane
 U - a box of beasts
 W - a phial of floods


   Skills:
 + Level 15.9 Fighting
 - Level 3.9 Short Blades
 - Level 8.9(9.9) Axes
 + Level 6.4(8.6) Polearms
 + Level 5.6 Ranged Weapons
 - Level 7.0 Throwing
 + Level 11.7 Armour
 + Level 12.0 Dodging
 - Level 6.0 Stealth
 - Level 9.1 Shields
 + Level 8.4 Spellcasting
 - Level 4.0 Conjurations
 + Level 9.5 Hexes
 - Level 4.0 Ice Magic
 - Level 4.0 Air Magic
 + Level 7.9 Evocations


You had 3 spell levels left.
You knew the following spells:

 Your Spells              Type           Power      Damage    Failure   Level
a - Ensorcelled Hibernat  Hex/Ice        92%        N/A       1%          2
b - Slow                  Hex            100%       N/A       1%          1
c - Confusing Touch       Hex            57%        N/A       1%          3
d - Dazzling Flash        Conj/Hex       92%        N/A       1%          3
e - Cause Fear            Hex            28%        N/A       1%          4
f - Inner Flame           Hex/Fire       35%        N/A       2%          3
g - Anguish               Hex/Necr       17%        N/A       7%          4
h - Silence               Hex/Air        23%        N/A       9%          5
i - Leda's Liquefaction   Hex/Erth       17%        N/A       7%          4

Your spell library contained the following spells:

 Spells                   Type           Power      Damage    Failure   Level
 Magic Dart               Conj           100%       1d8       1%          1
 Poisonous Vapours        Pois/Air       42%        N/A       3%          2
 Apportation              Tloc           22%        N/A       4%          1
 Necrotise                Necr           44%        1d6       4%          1
 Sandblast                Erth           22%        2d7       4%          1
 Summon Small Mammal      Summ           44%        N/A       4%          1
 Mephitic Cloud           Conj/Pois/Air  24%        N/A       4%          3
 Stone Arrow              Conj/Erth      42%        3d9       6%          3
 Call Imp                 Summ           11%        N/A       8%          2
 Passwall                 Tmut/Erth      9%         N/A       8%          2
 Sublimation of Blood     Necr           11%        N/A       8%          2
 Wereblood                Tmut           11%        N/A       8%          2
 Gell's Gravitas          Tloc           11%        N/A       16%         3
 Lesser Beckoning         Tloc           11%        N/A       16%         3
 Spider Form              Tmut/Pois      11%        N/A       16%         3
 Teleport Other           Tloc           11%        N/A       16%         3
 Vampiric Draining        Necr           11%        2d6       16%         3
 Airstrike                Air            15%        0-6+      10%         4
 Summon Mana Viper        Hex/Summ       35%        N/A       19%         5
 Iskenderun's Mystic Bla  Conj/Tloc      21%        2d6       21%         4
 Summon Ice Beast         Ice/Summ       21%        N/A       21%         4
 Summon Lightning Spire   Summ/Air       21%        N/A       21%         4
 Iskenderun's Battlesphe  Conj           31%        2d8       26%         5
 Lightning Bolt           Conj/Air       15%        1d29      26%         5
 Dispel Undead            Necr           11%        3d9       43%         4
 Passage of Golubria      Tloc           11%        N/A       43%         4
 Fireball                 Conj/Fire      10%        3d6       50%         5
 Irradiate                Conj/Tmut      10%        3d15      50%         5
 Agony                    Necr           11%        N/A       77%         5
 Blade Hands              Tmut           5%         N/A       77%         5
 Lee's Rapid Deconstruct  Erth           5%         3d7*      77%         5
 Manifold Assault         Tloc           11%        N/A       77%         5
 Starburst                Conj/Fire      10%        6d5       96%         6
 Death Channel            Necr           5%         N/A       99%         6
 Statue Form              Tmut/Erth      7%         N/A       99%         6
 Discord                  Hex            28%        N/A       99%         8
 Dragon Form              Tmut           5%         N/A       100%        7
 Monstrous Menagerie      Summ           5%         N/A       100%        7
 Summon Hydra             Summ           5%         N/A       100%        7
 Borgnjor's Revivificati  Necr           5%         N/A       100%        8
 Lehudib's Crystal Spear  Conj/Erth      10%        10d4      100%        8
 Necromutation            Tmut/Necr      5%         N/A       100%        8
 Death's Door             Necr           5%         N/A       100%        9
 Corpse Rot               Necr/Pois/Air  Unusable   N/A       N/A         4

Dungeon Overview and Level Annotations

Branches:
Dungeon (15/15)            Temple (1/1) D:4            Lair (5/5) D:11
  Swamp (4/4) Lair:3       Spider (3/4) Lair:3        Slime (0/5) Lair:4
    Orc (2/2) D:9             Elf (1/3) Orc:2        Vaults (0/5) D:13
 Depths (0/4) D:15        Gauntlet (visited)

Altars:
Ashenzari
Cheibriados
Dithmenos
Fedhas
Gozag
Hepliaklqana
Kikubaaqudgha
Makhleb
Nemelex Xobeh
Okawaru
Qazlal
Sif Muna
Trog
Uskayaw
Vehumet
Wu Jian
Xom

Shops:
D:9 *   D:10 [*?   D:13 (   D:14 *=((*   Orc:2 :!((

Portals:
Trove: D:14 (give 10 potions of heal wounds)

Annotations:
D:10 3 runed translucent doors, exclusion: obsidian statue, Wiilli's ghost, novice DrEE
Spider:3 Arachne


Innate Abilities, Weirdness & Mutations

You have hooves in place of feet.
A demonic guardian rushes to your aid.
You have an absolutely massive brain. (Int +6, Wiz)
Spells you cast may paralyse adjacent enemies.


Message History

Arachne hits you with a staff of poison!
Arachne envenoms you!
You are more poisoned.
Arachne completely misses you.
You slash Arachne! Your kick misses Arachne.
Arachne is heavily wounded.
Your +5 glaive of the Guard {elec, spectral, AC+5} hits Arachne from afar!!
You feel very sick. Arachne barely misses you.
Arachne hits you but does no damage. Arachne envenoms you!
You are more poisoned.
You slash Arachne!
Arachne is severely wounded.
Your +5 glaive of the Guard {elec, spectral, AC+5} hits Arachne from afar.
Lightning courses through Arachne!
You feel very sick.
Arachne says to your +5 glaive of the Guard {elec, spectral, AC+5}, "Come to my web."
Arachne hits you with a staff of poison!
Arachne envenoms you!!
You are more poisoned.
Arachne casts a spell at you. The poison arrow hits you!!
You are more poisoned.
* * * LOW HITPOINT WARNING * * *
A demonic guardian appears!
You are too injured to fight recklessly!
Unknown command.
You feel better. Arachne hits you but does no damage. Arachne envenoms you!!
* * * LOW HITPOINT WARNING * * *
You are poisoned.
Unknown command.
You feel better.
Arachne points her staff at you, shooting a stream of webbing.
The stream of webbing hits you but does no damage.
You are caught in a web!
Arachne casts a spell at you. The poison arrow hits you!!!
You are lethally poisoned!
You die...
Your body crumbles into a pile of gold.

^.<.....####......#...........
.#.....####...^..#^...........
.^...####........##.^.........
.#.#####.........##...........
..^.##...........##...#######.
.......######...###...^#
......## ##ยง........# $
.....## ##..##....^ ....##
##@3#...... ...## ##H.##.....
...# .## .... .. ..# ... ....
....


You could see Arachne (ally target) and a friendly sixfirhy (summoned).

Vanquished Creatures
  A tentacled monstrosity (Swamp:2)
  Rupert (Lair:4)
  Jorgrun (Spider:1)
  A fenstrider witch (Swamp:2)
  An emperor scorpion (Spider:2)
  A ghost moth (Spider:2)
  3 eleionomae
  A juggernaut skeleton (D:15)
  2 bunyips
  An entropy weaver (Spider:3)
  2 minotaurs
  The ghost of nucleargodhead the Warrior, a journeyman MiBe of Trog (Lair:3)
  A shambling mangrove (Swamp:3)
  2 ettins (Orc:2)
  25 hydras
  8 boulder beetles
  A quicksilver dragon skeleton (D:15)
  The ghost of Esoa the Gloomy, a journeyman DsMo of Dithmenos (Lair:3)
  2 vault guards (D:13)
  6 catoblepae
  5 two-headed ogres
  7 ghost crabs
  2 radroaches
  6 alligators
  6 centaur warriors
  17 death yaks
  A tengu warrior (D:9)
  2 dancing weapons (Elf:1)
  2 orc high priests (Orc:2)
  A storm dragon zombie (D:15)
  Nergalle (Lair:3)
  A fire crab (Lair:4)
  A fire crab (shapeshifter) (D:14)
  4 pharaoh ants
  5 goliath frogs
  An orb spider (Spider:2)
  5 skeletal warriors
  9 spriggan druids
  2 steelbarb worms
  11 bog bodies
  4 orc knights (Orc:2)
  10 swamp dragons
  A phantasmal warrior (D:15)
  5 necromancers
  A deep elf zephyrmancer (Elf:1)
  5 deep elf pyromancers
  8 orc sorcerers
  5 wolf spiders
  5 ugly things
  A worldbinder (Gauntlet)
  6 will-o-the-wisps
  2 moths of wrath
  4 manticores
  7 cyclopes
  5 torpor snails
  9 elephants
  5 black mambas
  13 cane toads
  3 gargoyles
  2 apocalypse crabs (Swamp:2)
  3 efreet
  8 rime drakes
  A kobold demonologist (D:9)
  A demonic crawler (Spider:1)
  A minotaur zombie (Gauntlet)
  A freezing wraith (D:14)
  6 komodo dragons
  2 tengu conjurers
  A guardian mummy (D:15)
  A meliai (shapeshifter) (D:14)
  8 tyrant leeches
  5 polar bears
  5 saltlings (Orc:2)
  A bloated husk (Swamp:2)
  6 hornets
  3 meliai (Spider:2)
  8 trolls
  10 tarantellas
  4 blink frogs (Lair:5)
  16 slime creatures
  A raiju (Gauntlet)
  11 spriggans
  7 culicivoras
  9 jumping spiders
  2 shadows (D:11)
  Sigmund (D:4)
  5 wyverns
  A spriggan skeleton (D:15)
  Eustachio (D:4)
  18 humans (D:13)
  A fire elemental (Gauntlet)
  2 wraiths
  69 yaks
  2 steam dragons (Gauntlet)
  22 redbacks
  12 vampire mosquitoes
  5 basilisks
  3 wargs
  11 swamp worms
  23 water moccasins
  11 swamp drakes
  22 orc warriors
  2 black bears (D:4)
  2 hell hounds (Gauntlet)
  An ice beast (D:8)
  A sky beast (D:5)
  A boggart (Gauntlet)
  7 ogres
  11 wolves
  11 centaurs
  Blork the orc (D:6)
  2 phantoms (D:5)
  5 kobold brigands
  15 bullfrogs
  A gnoll sergeant (Orc:1)
  2 necrophages (D:6)
  9 scorpions
  5 wights (D:9)
  8 killer bees
  4 howler monkeys
  2 electric eels
  A vampire bat (Lair:4)
  15 orc priests
  5 hounds
  A gnoll bouda (D:8)
  3 iguanas
  20 orc wizards
  10 gnolls
  9 adders
  A shadow imp (D:6)
  2 white imps
  An ufetubus (D:5)
  A worm (D:4)
  A dart slug (D:1)
  62 orcs
  4 endoplasms
  3 giant cockroaches
  2 hobgoblins
  3 jackals (D:5)
  3 quokkas
  5 ball pythons
  17 bats
  7 goblins
  20 kobolds
  5 rats
  2 pillars of salt (Orc:2)
875 creatures vanquished.

Vanquished Creatures (collateral kills)
  The ghost of wingedge the Fighter, a journeyman HuWn of Gozag (Lair:5)
  2 eleionomae (Swamp:3)
  A hydra (Lair:4)
  Erica (Lair:2)
  3 spriggans
  An orb spider (Spider:1)
  A spriggan druid (Swamp:2)
  A skeletal warrior (D:14)
  A bog body (Swamp:4)
  A wolf spider (Spider:1)
  2 hornets (Swamp:3)
  A tyrant leech (Swamp:2)
  3 slime creatures (D:13)
  A yak (Lair:4)
  3 orc warriors (Orc:1)
  A swamp drake (Swamp:4)
  A gnoll sergeant (D:7)
  2 orc wizards
  An orc (D:7)
  A goblin (D:4)
  5 kobolds
34 creatures vanquished.

Vanquished Creatures (others)
  A hydra (Swamp:4)
  An orc sorcerer (Orc:1)
  A will-o-the-wisp (Swamp:3)
  2 hornets
  2 bloated husks
  30 foxfires
  46 fungi
  A pillar of salt (Orc:2)
  39 plants
123 creatures vanquished.

Grand Total: 1032 creatures vanquished

Notes
Turn   | Place    | Note
-------+----------+-------------------------------------------
     0 | D:5      | flotson the Demonspawn Delver began the quest for the Orb.
     0 | D:5      | Reached XP level 1. HP: 18/18 MP: 1/1
    68 | D:5      | Noticed a phantom
   197 | D:3      | Noticed an orc wizard
   206 | D:3      | Killed an orc wizard
   207 | D:3      | Gained mutation: Spells you cast may paralyse adjacent
                  | enemies. [demonic ancestry]
   207 | D:3      | Reached XP level 2. HP: 20/24 MP: 2/2
   454 | D:1      | Gained mutation: You have an unusually large brain. (Int
                  | +2) [demonic ancestry]
   454 | D:1      | Reached XP level 3. HP: 29/29 MP: 3/3
   508 | D:1      | Found a faded altar of an unknown god.
   615 | D:1      | Reached skill level 1 in Evocations
   831 | D:1      | Reached skill level 1 in Throwing
  1594 | D:2      | Reached skill level 1 in Armour
  2022 | D:3      | Gained mutation: You have an extremely huge brain. (Int +4)
                  | [demonic ancestry]
  2022 | D:3      | Reached XP level 4. HP: 35/35 MP: 4/4
  2307 | D:3      | Learned a level 2 spell: Ensorcelled Hibernation
  2324 | D:4      | Noticed a scorpion
  2395 | D:4      | Found a staircase to the Ecumenical Temple.
  2406 | D:4      | Gained mutation: A weak demonic guardian rushes to your
                  | aid. [demonic ancestry]
  2406 | D:4      | Reached XP level 5. HP: 31/41 MP: 5/5
  2412 | Temple   | Entered the Ecumenical Temple
  2418 | Temple   | Became a worshipper of Gozag Ym Sagoz the Greedy
  2498 | D:4      | Noticed Sigmund
  2506 | D:4      | Killed Sigmund
  2507 | D:4      | Reached skill level 1 in Short Blades
  2507 | D:4      | Reached skill level 1 in Spellcasting
  2507 | D:4      | Reached skill level 1 in Hexes
  2507 | D:4      | Reached skill level 1 in Ice Magic
  2507 | D:4      | Gained mutation: You have large cloven feet. [demonic
                  | ancestry]
  2507 | D:4      | Reached XP level 6. HP: 41/48 MP: 5/7
  2540 | D:4      | You fall into a shaft and drop 2 floors!
  2715 | D:6      | Reached XP level 7. HP: 49/53 MP: 8/8
  2763 | D:6      | Reached skill level 4 in Fighting
  2783 | D:6      | Reached skill level 5 in Stealth
  3279 | D:4      | Reached XP level 8. HP: 47/60 MP: 10/10
  3719 | D:4      | Noticed Eustachio
  3732 | D:4      | Killed Eustachio
  4049 | D:4      | Found a stormy altar of Qazlal.
  4057 | D:4      | Found a burning altar of Makhleb.
  4061 | D:4      | Found a bloodstained altar of Trog.
  4354 | D:5      | Found a shimmering blue altar of Sif Muna.
  4632 | D:6      | Reached XP level 9. HP: 56/67 MP: 13/13
  4667 | D:6      | Noticed Blork the orc
  4677 | D:6      | Killed Blork the orc
  5079 | D:7      | Reached skill level 5 in Fighting
  6601 | D:8      | Reached skill level 1 in Shields
  6862 | D:8      | Reached XP level 10. HP: 61/75 MP: 15/15
  6927 | D:8      | Identified the +8 broad axe of Nemelex Xobeh's Wrath
                  | {freeze, Dex+3}
  6990 | D:8      | Paralysed by a hornet for 2 turns
  7088 | D:8      | Reached skill level 1 in Axes
  7332 | D:8      | Identified the +3 ring mail of Xapetaxt {Drain rF++ rN++}
  7647 | D:9      | Reached skill level 5 in Dodging
  7677 | D:9      | Found Keripid's Neck Hole.
  7709 | D:9      | Bought the +1 cloak of Starlight {*Dazzle EV+4 Stlth--} for
                  | 427 gold pieces
  7709 | D:9      | Found the +1 cloak of Starlight {*Dazzle EV+4 Stlth--}
  7931 | D:9      | Noticed a green ugly thing
  7931 | D:9      | Noticed a tengu warrior
  8010 | D:9      | Noticed a boulder beetle
  8013 | D:9      | Noticed a manticore
  8014 | D:9      | Noticed a centaur warrior
  8261 | D:9      | Reached skill level 6 in Fighting
  8274 | D:9      | Killed a manticore
  8302 | D:9      | Noticed a boulder beetle
  8307 | D:9      | Killed a centaur warrior
  8308 | D:9      | Reached skill level 5 in Hexes
  8315 | D:9      | Killed a boulder beetle
  8316 | D:9      | Reached skill level 5 in Armour
  8366 | D:9      | Found a staircase to the Orcish Mines.
  8370 | D:9      | Gained mutation: You have hoof-like feet. [demonic
                  | ancestry]
  8370 | D:9      | Reached XP level 11. HP: 83/83 MP: 18/18
  8379 | D:9      | Reached skill level 7 in Fighting
  8379 | D:9      | Reached skill level 5 in Spellcasting
  8423 | D:9      | Identified the +6 dagger of Nuicoova {flame, *Corrode Fly
                  | Str+2}
  8642 | D:9      | Killed a boulder beetle
  8788 | D:9      | Killed a green ugly thing
  8974 | D:9      | Killed a tengu warrior
  9339 | D:10     | Entered Level 10 of the Dungeon
  9386 | D:10     | Found Effynax's Magic Scroll Boutique.
  9394 | D:10     | Bought a scroll of magic mapping for 97 gold pieces
  9394 | D:10     | Bought a scroll of identify for 26 gold pieces
  9394 | D:10     | Bought a scroll of summoning for 123 gold pieces
  9394 | D:10     | Bought a scroll of vulnerability for 52 gold pieces
  9394 | D:10     | Bought a scroll of identify for 26 gold pieces
  9394 | D:10     | Bought a scroll of butterflies for 52 gold pieces
  9394 | D:10     | Bought a scroll of identify for 26 gold pieces
  9394 | D:10     | Bought a scroll of enchant weapon for 97 gold pieces
  9394 | D:10     | Bought a scroll of teleportation for 39 gold pieces
  9431 | D:10     | Found Anuexonut's General Store.
  9440 | D:10     | Bought 2 potions of degeneration for 22 gold pieces
  9440 | D:10     | Bought a scroll of teleportation for 33 gold pieces
  9440 | D:10     | Bought a scroll of silence for 104 gold pieces
  9440 | D:10     | Bought a scroll of identify for 22 gold pieces
  9449 | D:10     | Found a broken altar of Ashenzari.
  9478 | D:10     | Found a runed translucent gate.
  9479 | D:10     | Found a runed translucent gate.
  9479 | D:10     | Found an opulent altar of Gozag.
  9479 | D:10     | Noticed an obsidian statue
  9480 | D:10     | Found a runed translucent gate.
  9481 | D:10     | Noticed a tengu warrior
  9481 | D:10     | Noticed Wiilli's ghost (novice DrEE)
  9481 | D:10     | Noticed a five-headed hydra
  9482 | D:10     | Noticed a great orb of eyes
  9636 | D:10     | Found More's Magic Scroll Boutique.
  9684 | D:10     | Bought a scroll of noise for 13 gold pieces
  9684 | D:10     | Bought a scroll of teleportation for 39 gold pieces
  9875 | D:10     | Found Sixzevir's Antique Armour Boutique.
 10133 | D:11     | Found a staircase to the Lair.
 10158 | D:11     | Noticed a boulder beetle
 10189 | D:11     | Killed a boulder beetle
 10190 | D:11     | Reached skill level 8 in Fighting
 10668 | D:11     | Noticed a two-headed ogre
 10671 | D:11     | Noticed a centaur warrior
 10844 | D:11     | Killed a two-headed ogre
 10882 | D:11     | Killed a centaur warrior
 11049 | Lair:1   | Entered Level 1 of the Lair of Beasts
 11074 | Lair:1   | Identified the +4 ring mail of Baireemn {Fly rC+++ Will-
                  | rCorr}
 11171 | Lair:1   | Learned a level 1 spell: Slow
 11175 | Lair:1   | Learned a level 3 spell: Confusing Touch
 11179 | Lair:1   | Learned a level 3 spell: Dazzling Flash
 11324 | Lair:1   | Reached XP level 12. HP: 94/94 MP: 21/21
 11371 | Lair:1   | Identified the +5 scale mail of Failure {+Blink Int+2
                  | Dex+4}
 11518 | Lair:1   | Reached skill level 1 in Conjurations
 11928 | Lair:2   | Found a gate leading to a gauntlet.
 11937 | Gauntlet | Entered a Gauntlet
 11937 | Gauntlet | Found a transporter.
 11946 | Gauntlet | Found a transporter.
 11949 | Gauntlet | Found a transporter.
 11950 | Gauntlet | Found a transporter.
 11958 | Gauntlet | Found a transporter.
 11961 | Gauntlet | Found a transporter.
 11962 | Gauntlet | Found a transporter.
 11971 | Gauntlet | Found a transporter.
 11974 | Gauntlet | Found a transporter.
 11975 | Gauntlet | Found a transporter.
 11979 | Gauntlet | Found a runed translucent door.
 11982 | Gauntlet | Found a runed translucent door.
 11982 | Gauntlet | Noticed a death yak
 11982 | Gauntlet | Found the macabre finger necklace {rN+}
 11982 | Gauntlet | Noticed a death yak
 11983 | Gauntlet | Found a transporter.
 11983 | Gauntlet | Noticed a death yak
 11986 | Gauntlet | Found a transporter.
 11987 | Gauntlet | Found a transporter.
 11998 | Gauntlet | Found a transporter.
 12084 | Gauntlet | Reached skill level 9 in Fighting
 12084 | Gauntlet | Reached skill level 5 in Shields
 12235 | Gauntlet | Killed a death yak
 12238 | Gauntlet | Killed a death yak
 12239 | Gauntlet | Reached skill level 5 in Axes
 12245 | Gauntlet | Killed a death yak
 12325 | Gauntlet | Noticed a minotaur
 12329 | Gauntlet | Killed a minotaur
 12333 | Gauntlet | Got the Incunabulum of Twisted Conjuration
 12667 | Lair:2   | Noticed a catoblepas
 12678 | Lair:2   | Killed a catoblepas
 13038 | Lair:2   | Reached skill level 10 in Fighting
 13288 | Lair:2   | Noticed Erica
 13295 | Lair:2   | Killed Erica
 13719 | Lair:3   | Found a staircase to the Swamp.
 13735 | Lair:3   | Noticed Nergalle
 13749 | Lair:3   | Killed Nergalle
 14054 | Lair:3   | Gained mutation: You have an absolutely massive brain. (Int
                  | +6, Wiz) [demonic ancestry]
 14054 | Lair:3   | Reached XP level 13. HP: 103/103 MP: 23/23
 14186 | Lair:3   | Found a runed translucent gate.
 14186 | Lair:3   | Found a runed translucent gate.
 14186 | Lair:3   | Found a runed translucent gate.
 14186 | Lair:3   | Noticed Esoa's ghost (journeyman DsMo)
 14187 | Lair:3   | Noticed nucleargodhead's ghost (journeyman MiBe)
 14361 | Lair:3   | Found a hole to the Spider Nest.
 15027 | Lair:3   | Killed nucleargodhead's ghost
 16388 | Lair:4   | Reached skill level 11 in Fighting
 16400 | Lair:4   | Noticed Rupert
 16407 | Lair:4   | Killed Rupert
 16539 | Lair:4   | Found a staircase to the Slime Pits.
 17357 | Lair:4   | Reached skill level 12 in Fighting
 17583 | Lair:4   | Identified the +8 ring mail of Happiness {Int+2 Dex-4 SInv}
 17734 | Lair:5   | Entered Level 5 of the Lair of Beasts
 17743 | Lair:5   | Noticed a minotaur
 17743 | Lair:5   | Noticed wingedge's ghost (journeyman HuWn)
 17764 | Lair:4   | Gained mutation: A demonic guardian rushes to your aid.
                  | [demonic ancestry]
 17764 | Lair:4   | Reached XP level 14. HP: 68/115 MP: 24/24
 18048 | Lair:5   | Found a runed translucent gate.
 18048 | Lair:5   | Found a runed translucent gate.
 18305 | Lair:5   | Found a runed translucent gate.
 19021 | Lair:4   | Reached skill level 13 in Fighting
 20643 | Lair:5   | Killed wingedge's ghost
 21088 | Orc:1    | Entered Level 1 of the Orcish Mines
 21287 | Orc:2    | Entered Level 2 of the Orcish Mines
 21287 | Orc:2    | Found a staircase to the Elven Halls.
 21491 | Orc:2    | Reached skill level 10 in Dodging
 21551 | Orc:2    | Paralysed by an orc sorcerer for 3 turns
 21555 | Orc:2    | Paralysed by an orc sorcerer for 4 turns
 21690 | Orc:2    | Reached skill level 14 in Fighting
 21701 | Orc:2    | Gained mutation: You have hooves in place of feet. [demonic
                  | ancestry]
 21701 | Orc:2    | Reached XP level 15. HP: 111/126 MP: 25/25
 22126 | Orc:2    | Found Coped's Distillery.
 22139 | Orc:2    | Found Amoqetir's Antique Weapon Shop.
 22164 | Orc:2    | Bought a potion of heal wounds for 60 gold pieces
 22164 | Orc:2    | Bought a potion of curing for 36 gold pieces
 22164 | Orc:2    | Bought a potion of resistance for 120 gold pieces
 22164 | Orc:2    | Bought a potion of curing for 36 gold pieces
 22164 | Orc:2    | Bought a potion of berserk rage for 60 gold pieces
 22188 | Orc:2    | Found Difrofi's Book Emporium.
 22289 | Orc:2    | Found Sawkiesa's Weapon Boutique.
 22496 | Orc:1    | Reached skill level 10 in Armour
 22818 | Orc:2    | Bought the +5 glaive of the Guard {elec, spectral, AC+5}
                  | for 2283 gold pieces
 22818 | Orc:2    | Found the +5 glaive of the Guard {elec, spectral, AC+5}
 23591 | D:12     | Identified the +5 arbalest of Exoneration {flame, rCorr
                  | Dex+3}
 24299 | D:13     | Found Uloliph's Weapon Shop.
 24491 | D:13     | Found a gate to the Vaults.
 24495 | D:13     | Reached skill level 1 in Ranged Weapons
 24865 | D:13     | Reached skill level 5 in Evocations
 25694 | D:14     | Found Epaghid's General Store.
 25700 | D:14     | Bought a potion of curing for 39 gold pieces
 25700 | D:14     | Bought a potion of heal wounds for 65 gold pieces
 25700 | D:14     | Bought a scroll of silence for 123 gold pieces
 25750 | D:14     | Identified a scroll of acquirement
 25759 | D:14     | Acquired 1079 gold pieces
 25804 | D:14     | Found Nofomudd's Weapon Shop.
 26050 | D:14     | Found a portal to a secret trove of treasure.
 26109 | D:14     | Reached skill level 5 in Throwing
 26247 | D:14     | Found Reyvongi's Sacrilege Store.
 26262 | D:14     | Reached skill level 15 in Fighting
 26565 | D:14     | Found Ocva's Antique Weapon Shop.
 27036 | D:14     | Found Nyotau's Jewellery Shoppe.
 27524 | D:15     | Entered Level 15 of the Dungeon
 27804 | D:15     | Found a staircase to the Depths.
 28185 | D:15     | Found an iron altar of Okawaru.
 28190 | D:15     | Reached XP level 16. HP: 114/136 MP: 26/26
 28337 | D:15     | Identified the +5 flail "Qiemeteda" {vorpal, rPois rC+}
 28989 | D:15     | Found an ancient bone altar of Kikubaaqudgha.
 29388 | D:15     | Upgraded the game from 0.29-a0-962-gc8bbfd0a37 to
                  | 0.29-a0-982-gaed3a0c8d8
 29685 | Elf:1    | Entered Level 1 of the Elven Halls
 29729 | Orc:2    | Bought a book of the Senses for 352 gold pieces
 29729 | Orc:2    | Bought a book of Hexes for 396 gold pieces
 29734 | Orc:2    | Learned a level 4 spell: Cause Fear
 29738 | Orc:2    | Learned a level 3 spell: Inner Flame
 29745 | Orc:2    | Learned a level 4 spell: Anguish
 29751 | Orc:2    | Learned a level 5 spell: Silence
 29756 | Orc:2    | Learned a level 4 spell: Leda's Liquefaction
 29997 | Elf:1    | HP: 6/136 [poisoned by a +1 halberd of venom]
 29998 | Orc:2    | HP: 2/136 [poisoned by a +1 halberd of venom]
 30583 | Swamp:1  | Entered Level 1 of the Swamp
 30598 | Swamp:1  | Paralysed by a hornet for 2 turns
 31112 | Swamp:1  | Reached skill level 1 in Air Magic
 31985 | D:14     | Bought a +2 demon trident of draining for 507 gold pieces
 32624 | D:10     | Bought a scroll of blinking for 97 gold pieces
 32624 | D:10     | Bought a scroll of butterflies for 52 gold pieces
 32624 | D:10     | Bought a scroll of enchant weapon for 97 gold pieces
 32624 | D:10     | Bought a scroll of summoning for 123 gold pieces
 32624 | D:10     | Bought a scroll of immolation for 52 gold pieces
 35068 | Swamp:2  | Found a runed translucent door.
 35221 | Swamp:2  | Noticed a tentacled monstrosity
 35230 | Swamp:2  | Killed a tentacled monstrosity
 35327 | Swamp:2  | Reached skill level 5 in Polearms
 38372 | Swamp:3  | Reached XP level 17. HP: 142/142 MP: 28/28
 38763 | Swamp:4  | Entered Level 4 of the Swamp
 40149 | Swamp:4  | Reached skill level 5 in Ranged Weapons
 40605 | Swamp:4  | Got a decaying rune of Zot
 41004 | Lair:3   | Killed Esoa's ghost
 41025 | Spider:1 | Entered Level 1 of the Spider Nest
 41029 | Spider:1 | Noticed Jorgrun
 41043 | Spider:1 | Killed Jorgrun
 43739 | Spider:3 | Noticed Arachne
 43745 | Spider:3 | HP: 2/140 [Arachne/staff of poison (22)]
 43746 | Spider:3 | Killed from afar by Arachne

Illustrated notes

Levels and vault maps discovered:
D:1:      grunt_arrival_lava_bath, layout_loops_corners,
          hellmonk_ecumenical_altar_lost_god
D:2:      layout_loops_ring
D:3:      layout_rooms
D:4:      layout_loops_corners, minitemple, minmay_temple_entry_trees,
          minmay_pentomino_pile, uniq_sigmund, uniq_eustachio
D:5:      layout_basic, general_overflow_altar
D:6:      old_forge, layout_basic, uniq_blork_the_orc
D:7:      layout_basic, minmay_crystal_water
D:8:      layout_basic, grunt_ministairs_11, minivault_5, serial_bayou_pond_d
D:9:      minmay_the_grid_square_5x5_3x3 [minmay_the_grid_square_5x5_longway,
          minmay_the_grid_square_5x5_half_checkered,
          minmay_the_grid_square_5x5_spiral, minmay_the_grid_square_5x5_empty,
          minmay_the_grid_square_5x5_megaprize_open,
          minmay_the_grid_square_5x5_fancy_junction,
          minmay_the_grid_square_5x5_lines, minmay_the_grid_square_5x5_z,
          minmay_the_grid_square_5x5_two_walls_b], layout_layer_cave,
          nicolae_tso_carved_into_rock, david_orc_5,
          nicolae_shop_sticking_my_neck_out
D:10:     layout_basic, nicolae_overflow_hidden_temple, serial_shops, shop,
          nicolae_shop_statue_plus, nicolae_square_shop, shop_fountains,
          ebering_ghost_gozag, bh_walls_and_bars
D:11:     layout_long_grid, lair_entry_dummy
D:12:     layout_loops_ring, dk_vineyard_3
D:13:     layout_roguey, grunt_vaults_entry_tiered, serial_shops,
          nicolae_shop_advertising_works [nicolae_subvault_shop_adworks]
D:14:     statuecave_lemuel, layout_layer_cave, serial_shops,
          nicolae_shop_trees, shop, kennysheep_little_box,
          nicolae_shop_competitors_out_of_business, enter_trove_3,
          nicolae_evil_shop
D:15:     gammafunk_depths_entry_grave, layout_loops_ring,
          kiku_gazebo_pond_becter, okawaru_metal_pillars_3
Temple:   nicolae_temple_x_marks_the_god
Lair:1:   layout_hall_layers
Lair:2:   layout_cellular_growth, gauntlet_entry_generic, evilmike_ambush
          [evilmike_ambush_outer_basic, evilmike_ambush_inner_basic],
          grunt_megastairs_1, uniq_erica
Lair:3:   layout_hall_layers, swamp_mist, spider_nest_entry_funnel_web,
          gammafunk_ghost_cemetery, grunt_megastairs_4, uniq_nergalle
Lair:4:   nzn_winding_woodlands_huge [nzn_winding_woodlands_5x15_sidewinder,
          nzn_winding_woodlands_5x15_zeroes, nzn_winding_woodlands_5x15_garden,
          nzn_winding_woodlands_5x15_pockets,
          nzn_winding_woodlands_5x15_longhouse, nzn_winding_woodlands_5x15_pool,
          nzn_winding_woodlands_5x15_jagged,
          nzn_winding_woodlands_5x15_lazy_stream,
          nzn_winding_woodlands_5x15_eye, nzn_winding_woodlands_5x15_cabin,
          nzn_winding_woodlands_center_lodge,
          nzn_winding_woodlands_center_garden,
          nzn_winding_woodlands_15x15_eel_pit], layout_misc_corridors,
          slime_entry_1, roderic_batcave, nicolae_lair_yak_garden, uniq_rupert
Lair:5:   evilmike_catoblepas_cave, layout_misc_corridors,
          maelrawn_ghost_gauntlet_escape
Swamp:1:  layout_basic_swamp, evilmike_swamp_ruin_house_3, swamp_pool3
Swamp:2:  gammafunk_mikee_crab_dinner, layout_basic_swamp,
          evilmike_swamp_ruin_rubble_2, swamp_pool1, nicolae_swamp_spooky_pond
Swamp:3:  layout_basic_swamp, nicolae_swamp_decorative_isthmus, swamp_pool5,
          lightli_tree_ring
Swamp:4:  grunt_swamp_rune_castle, layout_basic_swamp, swamp_pool3
Spider:1: layout_spider_delve, hangedman_spider_tarantella_strand, uniq_jorgrun
Spider:2: layout_spider_delve, nicolae_spider_cling_halls
Spider:3: layout_chambers, gammafunk_ghost_grave, spiders_nest_ghost_moth_duel,
          uniq_arachne
Orc:1:    layout_caves, sword_in_stone
Orc:2:    hellmonk_orc_salted, layout_caves, basic_altar
Elf:1:    layout_loops_cross, minmay_elf_sorcery, lemuel_upstairs_altar

Skill      XL: |  1  2  3  4  5  6  7  8  9 10 11 12 13 14 15 16 17 |
---------------+----------------------------------------------------+-----
Dodging        | 2 3 4 5 6 7 8 10 11 12 | 12.0
Evocations     | 1 2 3 4 5 7 |  7.9
Throwing       | 1 2 3 4 5 6 7 |  7.0
Armour         | 1 2 3 4 5 6 7 8 9 10 11 | 11.7
Short Blades   | 1 2 3 |  3.9
Spellcasting   | 1 2 3 4 6 7 8 |  8.4
Hexes          | 1 2 3 4 5 6 7 8 9 |  9.5
Ice Magic      | 1 2 3 4 |  4.0
Fighting       | 4 5 6 8 10 12 14 15 | 15.9
Stealth        | 5 6 |  6.0
Shields        | 1 3 4 5 7 8 9 |  9.1
Axes           | 2 4 5 7 8 |  8.9
Conjurations   | 3 4 |  4.0
Polearms       | 4 5 6 |  6.4
Ranged Weapons | 2 4 5 |  5.6
Air Magic      | 2 4 |  4.0

Action                   |  1- 3 |  4- 6 |  7- 9 | 10-12 | 13-15 | 16-18 || total
-------------------------+-------+-------+-------+-------+-------+-------++-------
Melee: Dagger            |   110 |   111 |   579 |    46 |       |       ||   846
       Spear             |     2 |       |       |       |       |       ||     2
       Punch             |     1 |     1 |    11 |       |       |       ||    13
       Kick              |       |    21 |   184 |   163 |   323 |   119 ||   810
       Broad axe         |       |       |       |   417 |   555 |       ||   972
       Scimitar          |       |       |       |       |    43 |       ||    43
       Glaive            |       |       |       |       |   213 |   438 ||   651
 Fire: Arbalest          |       |       |       |       |    12 |   218 ||   230
Throw: Dart              |       |       |     5 |    13 |     4 |       ||    22
       Boomerang         |       |       |       |     2 |     1 |       ||     3
       Javelin           |       |       |       |     6 |       |       ||     6
 Cast: Ensorcelled Hiber |       |       |       |     6 |       |       ||     6
       Slow              |       |       |       |       |     1 |     1 ||     2
       Confusing Touch   |       |       |       |       |     1 |       ||     1
       Dazzling Flash    |       |       |       |       |    11 |     1 ||    12
       Cause Fear        |       |       |       |       |       |     2 ||     2
       Leda's Liquefacti |       |       |       |       |       |     1 ||     1
       Anguish           |       |       |       |       |       |     1 ||     1
 Abil: Evoke Blink       |       |       |       |       |     1 |       ||     1
Evoke: Condenser vane    |       |       |       |     1 |     1 |       ||     2
       Box of beasts     |       |       |       |     1 |       |       ||     1
       Lightning rod     |       |       |       |       |     4 |       ||     4
       Tin of tremorston |       |       |       |       |     2 |       ||     2
  Use: Scroll            |       |       |     7 |    11 |    10 |    12 ||    40
       Potion            |       |       |       |     2 |       |     6 ||     8
 Stab: Sleeping          |     5 |       |     7 |     1 |       |       ||    13
       Distracted        |       |       |     2 |     4 |    11 |    14 ||    31
       Confused          |       |       |     1 |       |     3 |       ||     4
       Invisible         |       |       |       |    28 |    48 |     7 ||    83
       Petrified         |       |       |       |       |     9 |       ||     9
       Petrifying        |       |       |       |       |     1 |       ||     1
       Paralysed         |       |       |       |       |    16 |       ||    16
Armor: Chain mail        |     9 |       |       |       |       |       ||     9
       Scale mail        |    38 |    77 |   287 |    98 |   392 |   306 ||  1198
       Ring mail         |     7 |       |       |    91 |       |       ||    98
Dodge: Dodged            |    41 |    61 |   291 |   330 |   740 |   719 ||  2182
Block: Kite shield       |       |       |    69 |   267 |   459 |       ||   795

Table legend: (Time is in decaauts)
 A = Elapsed time spent in this place.
 B = Non-inter-level travel time spent in this place.
 C = Inter-level travel time spent in this place.
 D = Time resting spent in this place.
 E = Time spent auto-exploring this place.
 F = Levels seen in this place.
 G = Mean time per level.
                   A        B        C        D        E       F      G
               +--------+--------+--------+--------+--------+-----+--------+
         Total |  45033 |  41243 |   3790 |   4650 |  29497 |  32 | 1407.3 |
       Dungeon |  18689 |  16698 |   1991 |    541 |  12784 |  15 | 1245.9 |
        Temple |     10 |      6 |      4 |      0 |      0 |   1 |   10.0 |
          Lair |  10854 |   9629 |   1225 |   1158 |   6946 |   5 | 2170.8 |
         Swamp |   9659 |   9446 |    213 |   2248 |   5981 |   4 | 2414.8 |
   Spider Nest |   2617 |   2562 |     55 |    164 |   2056 |   3 |  872.3 |
  Orcish Mines |   2380 |   2082 |    298 |    394 |   1330 |   2 | 1190.0 |
   Elven Halls |    211 |    209 |      2 |      0 |    158 |   1 |  211.0 |
      Gauntlet |    609 |    609 |      0 |    144 |    241 |   1 |  609.0 |
               +--------+--------+--------+--------+--------+-----+--------+

Top non-repeatable levels by time:
  Lair:4: 4066 daAuts
 Swamp:2: 2788 daAuts
 Swamp:1: 2527 daAuts
  Lair:3: 2460 daAuts
 Swamp:4: 2331 daAuts
    D:14: 2245 daAuts
 Swamp:3: 2011 daAuts
     D:9: 1998 daAuts
  Lair:5: 1971 daAuts
   Orc:2: 1851 daAuts
    D:13: 1622 daAuts
    D:15: 1617 daAuts
     D:8: 1561 daAuts
     D:6: 1409 daAuts
  Lair:2: 1296 daAuts
